 Dungeon Crawl Stone Soup version 0.30.1-1-g62c8e00024 (webtiles) character file.

Game seed: 4665380443520835941

862 cheesebisquit the Ruffian (level 7, -10/71 HPs)
             Began as a Troll Fighter on July 17, 2023.
             Mangled by an ogre
             ... wielding a +0 giant club
              (21 damage)
             ... on level 5 of the Dungeon.
             The game lasted 00:09:32 (2803 turns).

cheesebisquit the Ruffian (Troll Fighter)           Turns: 2803, Time: 00:09:32

Health: -10/71     AC:  4    Str: 25    XL:     7   Next: 72%
Magic:  6/6        EV:  9    Int: 12    God:
Gold:   230        SH:  8    Dex:  9    Spells: 6/6 levels left

rFire   . .          .
                       - Unarmed
rCold   . . .        b - +0 kite shield
rNeg    . . .        a - +0 robe
rPois   .            (helmet restricted)
rElec   .            (no cloak)
rCorr   .            (gloves unavailable)
SInv    .            (boots unavailable)
Will    +....        (no amulet)
Stlth   +            r - ring "Polesat" {Fly Will+}
HPRegen 1.11/turn    o - +6 ring of intelligence
MPRegen 0.10/turn

%: no passive effects
@: flying
A: large, unfitting armour, claws 3, regeneration 1, shaggy fur 1, tough skin 1
a: no special abilities


You were on level 5 of the Dungeon.
You visited 1 branch of the dungeon, and saw 5 of its levels.

You collected 230 gold pieces.

Inventory:

Hand Weapons
 c - a +0 giant spiked club
Missiles
 s - 3 silver boomerangs (quivered)
 t - a boomerang
 u - 2 poisoned darts
Armour
 a - a +0 robe (worn)
 b - a +0 kite shield (worn)
Jewellery
 h - a ring of fire
 o - a +6 ring of intelligence (right claw)
 r - the ring "Polesat" (left claw) {Fly Will+}
   (You found it on level 3 of the Dungeon)

   [ring of flight]

   Fly:       It grants you flight.
   Will:      It increases your willpower.
 v - a ring of fire
Wands
 i - a wand of roots (11)
Scrolls
 d - a scroll of vulnerability {unknown}
 k - a scroll of amnesia {unknown}
 l - 2 scrolls of magic mapping
 n - a scroll of acquirement {unknown}
 p - a scroll of teleportation
 w - a scroll of fog {unknown}
 x - a scroll of poison {unknown}
Potions
 e - 4 potions of lignification
 f - a potion of flight
 g - 2 potions of haste
 j - a potion of brilliance
 q - 2 potions of resistance
 z - a potion of magic


   Skills:
 + Level 4.3 Fighting
 - Level 2.4 Dodging
 + Level 4.8 Shields
 * Level 6.5 Unarmed Combat


You had 6 spell levels left.
You didn't know any spells.
Your spell library contained the following spells:

 Spells                   Type           Power      Damage    Failure   Level
 Cigotuvi's Dreadful Rot  Necr/Pois/Air  0%         N/A       69%         2
 Ozocubu's Armour         Ice            0%         N/A       89%         3
 Anguish                  Hex/Necr       0%         N/A       100%        4
 Simulacrum               Ice/Necr       0%         N/A       100%        6
 Ozocubu's Refrigeration  Ice            0%         4d7       100%        7


Dungeon Overview and Level Annotations

Branches:
Dungeon (5/15)
 Temple: D:4-7

Altars:

Shops:
D:4 (

Annotations:
D:2 1 runed translucent door, Crazy Yiuf


Innate Abilities, Weirdness & Mutations

You are too large for most types of armour.
You have claws for hands.
Your natural rate of healing is unusually fast.
You are covered in fur. (AC +1)
You have tough skin. (AC +1)


Message History

The gnoll sergeant hits you with a +1 spear of freezing!
The gnoll sergeant freezes you. The gnoll sergeant closely misses you.
You are too injured to fight recklessly!
The gnoll hits you but does no damage.
You claw the gnoll sergeant!
The gnoll sergeant is heavily wounded.
You block the gnoll sergeant's attack. You block the gnoll's attack.
The gnoll sergeant blocks your attack.
The gnoll sergeant is heavily wounded.
The gnoll sergeant hits you with a +1 spear of freezing!
The gnoll sergeant freezes you. The gnoll hits you but does no damage.
You closely miss the gnoll sergeant.
The gnoll sergeant is heavily wounded.
The gnoll sergeant hits you with a +1 spear of freezing.
The gnoll sergeant freezes you.
* * * LOW HITPOINT WARNING * * *
The gnoll hits you from afar with a +0 spear!
* * * LOW HITPOINT WARNING * * *
The gnoll sergeant attacks as you move away!
You block the gnoll sergeant's attack.
The gnoll sergeant hits you from afar with a +1 spear of freezing!
* * * LOW HITPOINT WARNING * * *
The gnoll sergeant freezes you.
* * * LOW HITPOINT WARNING * * *
You feel much better.
The gnoll sergeant hits you from afar with a +1 spear of freezing.
* * * LOW HITPOINT WARNING * * *
The gnoll sergeant freezes you.
* * * LOW HITPOINT WARNING * * *
The gnoll hits you from afar with a +0 spear!
* * * LOW HITPOINT WARNING * * *
Okay, then.
As you read the scroll of teleportation, it crumbles to dust.
You feel strangely unstable. You block the gnoll sergeant's attack.
The gnoll barely misses you.
Your surroundings suddenly seem different.
An ogre comes into view. It is wielding a +0 giant club.
The ogre shouts!
The ogre hits you with a +0 giant club!!
You die...

............# ...
....(.......# #.........
............# #.........
#......##...###.........
##...######gg)g.........
##### #..##.........
#..##.........
#..##.O.......
#..##.@.......
#..##.........
#..###........ ...#
##....... #.....# ##.###
##


You could see an ogre and a gnoll.

Vanquished Creatures
  Grinder (D:3)
  Eustachio (D:5)
  A black bear (D:5)
  An ogre (D:3)
  2 orc priests (D:4)
  Jessica (D:2)
  Ijyb (D:3)
  2 orc wizards (D:4)
  4 gnolls (D:5)
  3 adders
  3 worms
  3 dart slugs
  15 orcs
  2 bats
  9 endoplasms
  5 giant cockroaches
  5 goblins
  8 hobgoblins
  4 jackals (D:2)
  5 quokkas
  6 ball pythons
  4 frilled lizards
  6 kobolds
  A rat (D:1)
93 creatures vanquished.

Notes
Turn   | Place    | Note
-------+----------+-------------------------------------------
     0 | D:1      | cheesebisquit the Troll Fighter began the quest for the
                  | Orb.
     0 | D:1      | Reached XP level 1. HP: 22/22 MP: 0/0
   243 | D:1      | Reached XP level 2. HP: 29/29 MP: 1/1
   572 | D:1      | Reached XP level 3. HP: 36/36 MP: 2/2
   767 | D:2      | Found a runed translucent door.
   768 | D:2      | Noticed Crazy Yiuf
   804 | D:2      | Noticed Jessica
   809 | D:2      | Killed Jessica
   810 | D:2      | Reached skill level 3 in Unarmed Combat
   941 | D:2      | Reached XP level 4. HP: 44/44 MP: 3/3
  1018 | D:2      | Got Sif Muna's Almanac of Malignant Spells
  1297 | D:3      | Noticed Ijyb
  1302 | D:3      | Noticed an ogre
  1307 | D:3      | Killed Ijyb
  1310 | D:3      | Killed an ogre
  1311 | D:3      | Reached skill level 4 in Unarmed Combat
  1311 | D:3      | Reached XP level 5. HP: 27/53 MP: 4/4
  1431 | D:3      | Noticed Grinder
  1472 | D:3      | Killed Grinder
  1473 | D:3      | Reached skill level 5 in Unarmed Combat
  1473 | D:3      | Reached XP level 6. HP: 52/62 MP: 5/5
  1532 | D:3      | Identified the ring "Polesat" {Fly Will+}
  1947 | D:4      | Reached XP level 7. HP: 68/68 MP: 6/6
  2036 | D:4      | Found Dosoekhe's Weapon Emporium.
  2314 | D:5      | Entered Level 5 of the Dungeon
  2421 | D:5      | Reached skill level 6 in Unarmed Combat
  2524 | D:5      | Noticed Eustachio
  2558 | D:5      | Killed Eustachio
  2799 | D:5      | HP: 2/71 [gnoll sergeant/+1 spear of freezing (4)]
  2803 | D:5      | Mangled by an ogre

Illustrated notes

Levels and vault maps discovered:
D:1:      dpeg_arrival_castle, layout_loops_cross
D:2:      layout_basic, minmay_surrounded, uniq_jessica, uniq_crazy_yiuf_cottage
D:3:      layout_rooms, uniq_ijyb, uniq_grinder
D:4:      layout_cave_pools, serial_shops, nicolae_shop_window_shopping
D:5:      layout_cave_pods, uniq_eustachio

Skill      XL: |  1  2  3  4  5  6  7 |
---------------+----------------------+-----
Shields        | 3 4 |  4.8
Unarmed Combat | 3 4 5 6 |  6.5
Fighting       | 3 4 |  4.3
Dodging        | |  2.4

Action                     |  1- 3 |  4- 6 |  7- 9 || total
---------------------------+-------+-------+-------++-------
  Melee: Unarmed           |    78 |    94 |    89 ||   261
  Throw: Boomerang         |       |    12 |    32 ||    44
    Use: Potion            |       |     1 |     1 ||     2
         Scroll            |       |     7 |     4 ||    11
   Stab: Sleeping          |     1 |       |       ||     1
 Armour: Robe              |    19 |    19 |    29 ||    67
  Dodge: Dodged            |    21 |    27 |    31 ||    79
  Block: Kite shield       |    25 |    21 |    46 ||    92
